[Event "*** SCC Grand Prix: Titled Tuesday Blitz"]
[Site "Chess.com"]
[Date "2020.06.23"]
[Round "9"]
[White "Harsha_Bharathakoti"]
[Black "stanyga"]
[Result "1-0"]
[WhiteElo "2834"]
[BlackElo "2624"]
[TimeControl "180+1"]
[EndTime "11:47:10 PDT"]
[Termination "Harsha_Bharathakoti won by resignation"]

1. d4 Nf6 2. Nf3 g6 3. Nbd2 d5 4. e3 Bg7 5. b4 O-O 6. Bb2 a5 7. b5 c5 8. bxc6 bxc6 9. Bd3 Ba6 10. O-O Bxd3 11. cxd3 Nbd7 12. Qa4 c5 13. Rfc1 cxd4 14. Bxd4 e6 15. Nb3 Re8 16. Ne5 Nxe5 17. Bxe5 Nd7 18. Bxg7 Kxg7 19. Rc2 Ne5 20. Qd4 Qf6 21. Rc7 Rec8 22.
Rac1 Rxc7 23. Rxc7 a4 24. Nc5 Rb8 25. h3 Rb1+ 26.
Kh2 Rb2 27. Nxe6+ Kh6 28. Qf4+ Qxf4+ 29. Nxf4 Rxf2 30. d4 Nc4 31. Nxd5 Nd6 32. a3 Nb5 33. Rc4 Nxa3 34. Rxa4 Nc2 35. Ra2 Re2 36. Nb4 Nxd4 37. exd4 Re4 38. Rd2 Kg7 39. Kg3 Kf6 40. Kf3 Rh4 41.
Nd5+ Ke6 42. Ne3 Kd6 43. d5 f5 44. g3 Rxh3 45. Nc4+ Kd7 46. d6 Rh1 47. Ne5+ Ke6 48.
d7 Rf1+ 49. Ke2 Rh1 50. d8=Q 1-0

[Event "*** SCC Grand Prix: Titled Tuesday Blitz"]
[Site "Chess.com"]
[Date "2020.06.23"]
[Round "9"]
[White "Spartakus1975"]
[Black "RaunakSadhwani2005"]
[Result "0-1"]
[WhiteElo "2682"]
[BlackElo "2880"]
[TimeControl "180+1"]
[EndTime "11:47:11 PDT"]
[Termination "RaunakSadhwani2005 won by resignation"]

1. e4 c6 2. d3 d5 3. Nd2 e5 4. Ngf3 Bd6 5. d4 exd4 6. exd5 Nf6 7. dxc6 Nxc6 8. Be2 O-O 9. O-O Bg4 10. Nb3 Re8 11.
h3 Bxf3 12. Bxf3 Be5 13. Nc5 Qb6 14. Nd3 Bd6 15. a3 h6 16. b3 Rad8 17. Bb2 Bb8 18. Re1 Qc7 19. g3 Qd6 20. Qd2 Bc7 21. Rxe8+ Rxe8 22.
Re1 Rd8 23. b4 b6 24. Kg2 Ne7 25. Nf4 Nf5 26. Kg1 h5 27. Qd3 g6 28. Be4 Nxe4 29.
Rxe4 Qc6 30. Qe2 Kh7 31. Nxh5 gxh5 32. Qxh5+ Nh6 33. Rxd4 Rxd4 34. Bxd4 Qxc2 35. Be3 Qg6 36. Qd5 Nf5 37. Bd2 Bd6 38. g4 Ng7 39. f4 Qe6 40.
Qd3+ Kg8 41. f5 Qe5 42. Bc3 Qh2+ 43. Kf1 Bg3 44. Qd4 Qxh3+ 45. Ke2 Qg2+ 46. Kd3 Qf3+ 47.
Kc2 Qf2+ 48. Qxf2 Bxf2 49. Kd3 Ne8 50. Kc4 Nc7 51. Be5 b5+ 52. Kd3 Bb6 53. Ke4 Kf8 54. g5 Ke8 55. g6 Kf8 56. g7+ Kg8 57. f6 Ne8 58. Kf5 Bd8 59. Bd4 Kh7 60. Be5 a6 61. Bd4 Bc7 62. Be5 Bxe5 63. Kxe5 Nxg7 64. fxg7 Kxg7 65. Kf5 f6 66. Ke6 Kg6 67. Kd5 f5 68.
Kc5 f4 69. Kb6 f3 0-1

[Event "*** SCC Grand Prix: Titled Tuesday Blitz"]
[Site "Chess.com"]
[Date "2020.06.23"]
[Round "9"]
[White "FedaMaster"]
[Black "peixe64"]
[Result "1-0"]
[WhiteElo "2495"]
[BlackElo "2362"]
[TimeControl "180+1"]
[EndTime "11:47:11 PDT"]
[Termination "FedaMaster won by resignation"]

1. e4 c5 2. d4 cxd4 3. c3 dxc3 4. Nxc3 Nc6 5. Nf3 e6 6. Bc4 Bb4 7. Qc2 Nge7 8. O-O Bxc3 9. bxc3 d5 10. Rd1 O-O 11.
Bg5 Qa5 12. Bd3 h6 13. Be3 dxe4 14. Bxe4 Nd5 15. Bd2 Qc5 16. Rab1 Nf6 17. Bd3 a6 18. h3 e5 19. Be3 Qe7 20. Nh4 e4 21. Bc4 Ne5 22.
Bb3 g5 23. Qc1 Nh7 24. Bd4 gxh4 25. Qxh6 Re8 26. Re1 Qg5 27. Qd6 Bxh3 28. g3 hxg3 29. Kh1 gxf2 30. Rg1 fxg1=Q+ 31. Rxg1 Qxg1+ 32. Kxg1 Nf3+ 33. Kf2 Be6 34. Qg3+ Nhg5 35. Bf6 Rad8 36. Qf4 Rd2+ 37.
Kg3 Bh3 38. Bxg5 Rg2+ 39. Kxh3 Rxg5 40. Qxf7+ Kh8 41. Qxe8+ Kh7 42. Qxe4+ Kh6 43. Qxf3 Rh5+ 44. Kg3 Rb5 45. Kf2 Rg5 46. Qf6+ Kh5 47. Qh8+ Kg4 48. Bd1+ Kf5 49. Qf8+ Kg6 50. Bf3 Rf5 51. Qe8+ Kg5 52.
Qe3+ Kf6 53. Qd3 Rf4 54. Qe3 Rf5 55. Qb6+ Kg5 56. Qxb7 Rf6 57. Qg7+ Kf5 58. Qh7+ Ke5 59. Qe4+ Kd6 60. Qc6+ Ke7 61. Qxf6+ Kxf6 62. Ke3 Ke5 63. Be4 Kd6 64. Kd4 a5 65. c4 Kc7 66. c5 Kb8 67. Kc4 Ka7 68. Kb5 a4 69. Kxa4 Kb8 70. Kb4 Kc7 71. Kb5 Kd7 72. Kb6 1-0

[Event "*** SCC Grand Prix: Titled Tuesday Blitz"]
[Site "Chess.com"]
[Date "2020.06.23"]
[Round "9"]
[White "zala02"]
[Black "WPWPWP-2015"]
[Result "0-1"]
[WhiteElo "2187"]
[BlackElo "2361"]
[TimeControl "180+1"]
[EndTime "11:47:14 PDT"]
[Termination "WPWPWP-2015 won on time"]

1. d4 Nf6 2. c4 e6 3. Nc3 Bb4 4. Nf3 b6 5. Bg5 h6 6. Bh4 g5 7. Bg3 Ne4 8. Rc1 Bb7 9. e3 c5 10. Bd3 Bxc3+ 11. bxc3 Nxg3 12. hxg3 g4 13. Nh4 Rg8 14. d5 Qf6 15. Be4 d6 16. Qd3 e5 17.
Bf5 Na6 18. Qe4 h5 19. Qc2 Nc7 20. Qa4+ Kf8 21. Qd7 Qe7 22. Qxe7+ Kxe7 23. Be4 Bc8 24. Nf5+ Bxf5 25. Bxf5 Rg5 26. Be4 Ne8 27. Rh4 f5 28. Bc2 Nf6 29. Kd2 e4 30. Ba4 Ng8 31. Bc6 Rb8 32.
Rch1 Nf6 33. a4 Rgg8 34. Ra1 Kf7 35. Kc2 Kg6 36. Rhh1 Rgd8 37. Ra2 Ng8 38. Rb1 Nh6 39. Rab2 Nf7 40. a5 Ne5 41. axb6 axb6 42. Rxb6 Rxb6 43.
Rxb6 Nxc4 44. Rb7 Ne5 45. Bb5 Rh8 46. Re7 Rd8 47. Be8+ Kf6 48. Re6+ Kg5 49. c4 h4 50. gxh4+ Kxh4 51. Bb5 Kg5 52. Kc3 g3 53. fxg3 Kg4 54. Re7 Kxg3 55. Rg7+ Kf2 56. Kd2 Ng4 57. Rg5 Rf8 58.
Bd7 Nxe3 59. Rg7 Nxc4+ 60. Kc3 Ne5 61. Be6 e3 0-1

[Event "*** SCC Grand Prix: Titled Tuesday Blitz"]
[Site "Chess.com"]
[Date "2020.06.23"]
[Round "9"]
[White "C_K_G"]
[Black "DanielTitichoca"]
[Result "1-0"]
[WhiteElo "1916"]
[BlackElo "2328"]
[TimeControl "180+1"]
[EndTime "11:47:17 PDT"]
[Termination "C_K_G won by checkmate"]

1. e4 g6 2. Nf3 Bg7 3. d4 d6 4.
c3 a6 5. Be2 Nd7 6. Be3 Bf6 7.
Nbd2 Bg7 8. h4 Ngf6 9. Qc2 b5 10. e5 Ng4 11. Bf4 h5 12. e6 Nf8 13. exf7+ Kxf7 14. Ng5+ Kg8 15. Qe4 Bf5 16. Qc6 Qe8 17. Qxc7 Rc8 18.
Qb7 e5 19. dxe5 dxe5 20. Be3 Nxe3 21. fxe3 Rd8 22. Ndf3 Ne6 23. O-O Nc5 24. Qa7 Nd3 25. Rad1 Bf6 26. Qxa6 Be7 27. Bxd3 Bxd3 28. Qe6+ Kg7 29.
Qxe5+ Bf6 30. Qg3 Bxf1 31. Rxf1 Qxe3+ 32. Kh1 Rhe8 33. Nh3 Re4 34. Qc7+ Kh6 35. Nfg5 Rh8 36. Nf7+ Kg7 37. Nxh8+ Re7 38. Qf4 Qxf4 39. Nxf4 Re4 40. Nfxg6 Bxh4 41. Nxh4 Rxh4+ 42. Kg1 Kxh8 43. Rf5 b4 44.
cxb4 Rxb4 45. Rxh5+ Kg7 46. b3 Kg6 47. Ra5 Rd4 48. Kh2 Rd2 49. b4 Rb2 50. b5 Kg5 51. a4 Kg4 52. Ra8 Rb4 53. Rg8+ Kf4 54.
Rh8 Kg4 55. Rg8+ Kf4 56. Rh8 Kg4 57. Ra8 Kf4 58. Ra6 Kg4 59. b6 Kf4 60. a5 Kg4 61. Ra7 Rb5 62. b7 Kf4 63. a6 Rb2 64. Ra8 Ke3 65.
b8=Q Kf2 66. Qxb2+ Kf1 67. Rc8 Ke1 68. Rc1# 1-0

[Event "*** SCC Grand Prix: Titled Tuesday Blitz"]
[Site "Chess.com"]
[Date "2020.06.23"]
[Round "9"]
[White "korbul"]
[Black "Tsyhanchuk_Stanislav"]
[Result "0-1"]
[WhiteElo "2489"]
[BlackElo "2390"]
[TimeControl "180+1"]
[EndTime "11:47:18 PDT"]
[Termination "Tsyhanchuk_Stanislav won by resignation"]

1. e4 c5 2. Nf3 Nc6 3. d4 cxd4 4. Nxd4 Qb6 5. Be3 Qxb2 6. Nb3 Nf6 7. Bd3 d5 8. N1d2 Nxe4 9. Nxe4 dxe4 10. Bxe4 Qc3+ 11.
Bd2 Qc4 12. Bd3 Qe6+ 13. Be3 g6 14. O-O Bg7 15. Nc5 Qe5 16. Rb1 O-O 17. Re1 Qd5 18. Qc1 Qxa2 19. Bh6 Nd4 20. Bxg7 Kxg7 21. Qe3 Ne6 22.
Qe5+ Kg8 23. Nxb7 Qa3 24. h4 a5 25. h5 Ra7 26. h6 Rxb7 27. Rxb7 Bxb7 28. Bc4 Qd6 29.
Qa1 Qc6 30. Bf1 f6 31. Qxa5 Rc8 32. Qb4 Kf7 33. Qb3 Ba8 34. f3 Qd5 35. Qb1 Rc3 36.
Bd3 Nf4 37. Be4 Qc5+ 38. Kf1 Bxe4 39. Rxe4 Rxc2 40. Qb3+ Nd5 41. Re2 e6 42. Rxc2 Ne3+ 43. Kg1 Nxc2+ 44. Kh2 Qe5+ 45. g3 Qe2+ 46. Kh3 Nd4 47.
Qb7+ Ke8 48. Qc8+ Ke7 49. Qc7+ Ke8 50. Qc8+ Kf7 51. Qc7+ Kf8 52. Qg7+ Ke8 53. Qh8+ Kd7 54. Qxh7+ Kd6 55. Qxg6 Qf1+ 56. Kh4 Nxf3+ 57. Kg4 Ne5+ 58.
Kh5 Nxg6 59. Kxg6 Qf5+ 60. Kg7 Qg5+ 61. Kf7 Qxg3 62. h7 Qh3 63. h8=Q Qxh8 64. Kg6 Qh6+ 65. Kf7 0-1

[Event "*** SCC Grand Prix: Titled Tuesday Blitz"]
[Site "Chess.com"]
[Date "2020.06.23"]
[Round "9"]
[White "Hikaru"]
[Black "Angry_Twin"]
[Result "1-0"]
[WhiteElo "3212"]
[BlackElo "2818"]
[TimeControl "180+1"]
[EndTime "11:47:20 PDT"]
[Termination "Hikaru won by resignation"]

1. e4 c5 2. Nf3 d6 3. Bb5+ Nd7 4. Ba4 Nf6 5. O-O g6 6. Re1 Bg7 7. c3 O-O 8. d4 e5 9. dxe5 Nxe5 10. Nxe5 dxe5 11.
Qe2 Be6 12. c4 a6 13. Nc3 Ne8 14. Be3 Qc7 15. Rad1 Nd6 16. Nd5 Bxd5 17. Rxd5 Nxe4 18. f3 Nf6 19. Rxc5 Qd6 20. Bf2 Nh5 21. g3 e4 22.
fxe4 Bd4 23. Rd5 Bxf2+ 24. Qxf2 Qb4 25. Bb3 Nf6 26. Rd3 Ng4 27. Qd2 Qc5+ 28. Kg2 Ne5 29. Rd5 Qc7 30. c5 Rfe8 31. Qf4 Re7 32. Red1 Rf8 33. h4 h5 34. Qg5 Kg7 35. Rf1 Ng4 36. Bd1 f6 37. Qd2 Ne5 38. b4 Qc6 39. Bb3 Ng4 40.
Rf4 Rfe8 41. Qd4 Kh6 42. a4 f5 43. Bd1 Nf6 44. Rd6 Rxe4 45. Rxc6 Rxd4 46. Rxd4 bxc6 47.
Rd6 Nd5 48. Bb3 Nxb4 49. Bf7 Re2+ 50. Kf3 Rc2 51. Bxg6 Rxc5 52. Bxf5+ Kg7 53. Be4 Rc4 54. Kf4 Nd5+ 55. Ke5 Nc3 56. Rd7+ Kf8 57. Bg6 Nd5 58. Bxh5 Rc3 59. Rf7+ Kg8 60. Rf3 Rxf3 61. Bxf3 Nb6 62. Bxc6 Nc4+ 63. Kf6 Ne3 64. Bd7 Kh7 65. g4 Nd5+ 66.
Kf7 Nb6 67. Bf5+ Kh8 68. g5 Nxa4 69. g6 1-0

[Event "*** SCC Grand Prix: Titled Tuesday Blitz"]
[Site "Chess.com"]
[Date "2020.06.23"]
[Round "9"]
[White "Jumbo"]
[Black "mishanick"]
[Result "1-0"]
[WhiteElo "2865"]
[BlackElo "2988"]
[TimeControl "180+1"]
[EndTime "11:47:21 PDT"]
[Termination "Jumbo won by resignation"]

1. e4 c5 2. Nf3 d6 3. d4 cxd4 4. Qxd4 Nc6 5. Bb5 Bd7 6. Qd3 g6 7. c4 Bg7 8. O-O Nf6 9. h3 O-O 10. Nc3 Rc8 11. Rd1 a6 12. Bxc6 Bxc6 13. Nd4 Nd7 14.
Be3 Ne5 15. Qe2 Bd7 16. b3 b5 17. f4 Nc6 18. Nxc6 Bxc6 19. e5 bxc4 20. bxc4 Qa5 21. Nd5 Bxd5 22. Rxd5 Qa4 23. Rc1 dxe5 24. fxe5 Rc7 25.
e6 fxe6 26. Rdd1 Qc6 27. c5 Rb7 28. Rc2 Rb4 29. Bf2 Re4 30. Qd3 Be5 31. Qd7 Qxd7 32. Rxd7 Rb4 33. g4 Kf7 34. c6 Rc8 35. Ra7 Bd6 36.
Rxa6 e5 37. Kg2 Ke6 38. a4 h5 39. gxh5 gxh5 40. a5 Rg8+ 41. Kf1 e4 42. Ke2 Kd5 43.
c7 Rc8 44. Rac6 Ra4 45. a6 Ra3 46. a7 Ke6 47. R6c4 Kd7 48. R4c3 Ra4 49. Rc4 Ra6 50. Be3 e5 51. Rxe4 Rxc7 52. Rxc7+ Bxc7 53. Rb4 Ra2+ 54. Kd3 Kc6 55. Kc4 Rc2+ 56. Kd3 Ra2 57. Rb8 Ra3+ 58.
Ke2 Ra4 59. a8=Q+ Rxa8 60. Rxa8 1-0

[Event "*** SCC Grand Prix: Titled Tuesday Blitz"]
[Site "Chess.com"]
[Date "2020.06.23"]
[Round "9"]
[White "Kopytkin"]
[Black "verdest"]
[Result "1/2-1/2"]
[WhiteElo "2405"]
[BlackElo "2541"]
[TimeControl "180+1"]
[EndTime "11:47:25 PDT"]
[Termination "Game drawn by repetition"]

1. e4 c5 2. d4 cxd4 3. c3 d3 4. Bxd3 Nc6 5. Be3 d5 6. exd5 Qxd5 7. Nf3 Bg4 8. c4 Qd7 9. O-O Bxf3 10. gxf3 O-O-O 11. Be2 Nf6 12. Qxd7+ Rxd7 13. Nc3 e6 14. Rfd1 Be7 15. Rxd7 Nxd7 16. Ne4 Rd8 17. Ng5 Nde5 18.
f4 Bxg5 19. fxg5 Nd4 20. Kf1 Nc2 21. Rc1 Nxe3+ 22. fxe3 Rd2 23. Rb1 Rc2 24. Ke1 Nxc4 25. Bd3 Rxb2 26. Rc1 b5 27. Bxc4 bxc4 28. Rxc4+ Kd7 29.
Rh4 Ke7 30. a4 Ra2 31. Kd1 f5 32. Kc1 Kf7 33. Rxh7 Rxa4 34. h4 Rg4 35. Kd2 a5 36.
Kc3 a4 37. Kb2 Rg3 38. Ka3 Rxe3+ 39. Kxa4 f4 40. h5 Rg3 41. g6+ Kf6 42. Rh8 Rh3 43. Rf8+ Kg5 44. Rf7 Kh6 45. Rxf4 Rxh5 46. Kb3 Kxg6 47.
Kc3 Rf5 48. Rg4+ Kf6 49. Kd4 g5 50. Ke4 e5 51. Ke3 Rf4 52. Rg1 Kf5 53. Ra1 Rh4 54. Ra8 Rh3+ 55. Kf2 Ke4 56. Rg8 Kf5 57. Rf8+ Kg4 58.
Re8 Rh2+ 59. Kg1 Re2 60. Kf1 Re4 61. Kf2 Rf4+ 62. Kg2 e4 63. Re7 Kf5 64. Rf7+ Ke5 65. Rg7 Kf5 66. Rf7+ Kg4 67. Re7 Kf5 68. Rf7+ 1/2-1/2

[Event "*** SCC Grand Prix: Titled Tuesday Blitz"]
[Site "Chess.com"]
[Date "2020.06.23"]
[Round "9"]
[White "NormWeinstein"]
[Black "profofchess"]
[Result "0-1"]
[WhiteElo "2492"]
[BlackElo "2397"]
[TimeControl "180+1"]
[EndTime "11:47:25 PDT"]
[Termination "profofchess won by checkmate"]

1. e4 e6 2. d3 c5 3. Nf3 Nc6 4. g3 g6 5. d4 cxd4 6. Nxd4 Nge7 7. Nb5 d5 8. Bf4 e5 9. exd5 exf4 10. dxc6 Qxd1+ 11. Kxd1 Bg4+ 12. Be2 O-O-O+ 13. Nd2 Bxe2+ 14. Kxe2 Nxc6 15. Nf3 Bg7 16. Rhb1 fxg3 17. hxg3 Kb8 18. c3 Rhe8+ 19. Kf1 Ne5 20. Nxe5 Rxe5 21. Nd4 Red5 22. Nf3 h5 23.
Re1 Bf6 24. Re2 g5 25. Rae1 h4 26. Kg2 Rd3 27. Ne5 Bxe5 28. Rxe5 hxg3 29. fxg3 Rd2+ 30. R1e2 g4 31. Re7 f5 32. Re5 Kc7 33. Kf2 R8d5 34. Re7+ Kc6 35. Rf7 a5 36. a4 b5 37.
axb5+ Kxb5 38. Rb7+ Kc6 39. Rb8 a4 40. Rb4 Rxe2+ 41. Kxe2 Rb5 42. Rxa4 Rxb2+ 43. Ke3 Rg2 44. Kf4 Rf2+ 45. Kg5 Rf3 46. Rc4+ Kd5 47. Rd4+ Ke5 48. Rd8 Rxg3 49. Re8+ Kd5 50. Kxf5 Rxc3 51. Rd8+ Kc4 52.
Kxg4 Kb3 53. Kf4 Rc4+ 54. Ke5 Rc5+ 55. Rd5 Rc3 56. Rc5 Rxc5+ 57. Kd4 Rc1 58. Ke4 Rh1 59. Kf4 Ra1 60. Kg3 Ra4 61. Kf3 Kc3 62. Ke3 Rd4 63.
Ke2 Re4+ 64. Kf2 Kd3 65. Kf3 Kd4 66. Kg3 Ke5 67. Kf3 Kf5 68. Kf2 Kf4 69. Kg2 Re2+ 70. Kf1 Ra2 71. Ke1 Ke3 72. Kf1 Rb2 73. Kg1 Kf3 74. Kh1 Kg3 75. Kg1 Rb1# 0-1

[Event "*** SCC Grand Prix: Titled Tuesday Blitz"]
[Site "Chess.com"]
[Date "2020.06.23"]
[Round "9"]
[White "monalize"]
[Black "LedakovAlexandr"]
[Result "0-1"]
[WhiteElo "2278"]
[BlackElo "2469"]
[TimeControl "180+1"]
[EndTime "11:47:26 PDT"]
[Termination "LedakovAlexandr won on time"]

1. e4 Nc6 2. d4 d6 3. d5 Nb8 4.
Nc3 g6 5. Be3 Bg7 6. Qd2 c6 7. Nf3 Qa5 8. h3 Nf6 9. a4 O-O 10. Be2 Qc7 11. O-O a5 12. Bh6 Na6 13.
Rfe1 Nb4 14. Nd4 Re8 15. Bxg7 Kxg7 16. Bf3 e5 17. dxe6 Bxe6 18. Qf4 Rad8 19. Rad1 Qe7 20. Rd2 Bc8 21. Bd1 Qe5 22. Qh4 g5 23. Qg3 Qxg3 24.
fxg3 Na6 25. Rf2 Ng8 26. Ref1 Nh6 27. Nb3 Re5 28. Be2 Nb4 29. Bd3 Be6 30. Nd4 Re8 31.
Nf3 Rc5 32. Ne2 g4 33. Nh4 gxh3 34. Nd4 hxg2 35. Kxg2 Rg5 36. Nhf3 Rg4 37. Nh2 Rg5 38. Ndf3 Rc5 39. Nh4 Nxd3 40. cxd3 Bb3 41. N2f3 Rc2 42.
Nd4 Rxf2+ 43. Rxf2 Be6 44. Nhf5+ Bxf5 45. exf5 Kf6 46.
Rf4 Kg5 47. Nf3+ Kf6 48. Nd4 Re5 49. g4 Rc5 50. Kf3 Kg7 51. g5 Ng8 52. f6+ Kg6 53.
Re4 Rxg5 54. Re8 Nxf6 55. Kf4 Rg4+ 56. Ke3 Nd5+ 57. Kd2 Rxd4 58. Ke2 Nb4 59. Kf2 Rxd3 60. Ke2 Rd5 61. Re7 Re5+ 62. Rxe5 dxe5 63. Ke3 Kf6 64. Ke4 Ke6 65. Ke3 f5 0-1

[Event "*** SCC Grand Prix: Titled Tuesday Blitz"]
[Site "Chess.com"]
[Date "2020.06.23"]
[Round "9"]
[White "Falia-p"]
[Black "Batsai"]
[Result "1-0"]
[WhiteElo "2254"]
[BlackElo "2357"]
[TimeControl "180+1"]
[EndTime "11:47:26 PDT"]
[Termination "Falia-p won by checkmate"]

1. e4 c6 2. Nc3 d5 3. Nf3 Bg4 4. h3 Bxf3 5. Qxf3 e6 6. d4 Nf6 7. e5 Nfd7 8. Be3 a6 9. O-O-O b5 10. Qg3 c5 11. dxc5 Nc6 12. f4 g6 13. h4 h5 14. Qf3 Bxc5 15. Bxc5 Nxc5 16. g4 hxg4 17. Qxg4 b4 18. Ne2 Qa5 19. Kb1 Ne4 20. Qf3 Rb8 21.
Bg2 Nc3+ 22. Nxc3 bxc3 23. b3 Na7 24. f5 gxf5 25. Bf1 Nb5 26. Bxb5+ axb5 27. Rh3 b4 28. a4 bxa3 29. Ka2 Qb4 30. Rg1 Rc8 31. h5 Qd4 32.
Qg3 Kd7 33. Qg7 Rcf8 34. h6 Qd2 35. Qg2 Rfg8 36. Qxd2 cxd2 37. Rd1 Rg6 38. h7 Rg7 39. Rxd2 Rhxh7 40. Rc3 Rh4 41. Kxa3 Re4 42. Rc5 Rxe5 43. Ra5 Ke7 44. b4 Kf6 45. b5 f4 46. b6 Rg3+ 47. Kb4 Rg1 48. Rb5 Rb1+ 49. Ka5 Ra1+ 50. Kb4 d4 51.
Rxe5 Kxe5 52. Kc5 Rb1 53. Kc6 Ke4 54. b7 e5 55. Rh2 Ke3 56. Rh1 f3 57. Rxb1 f2 58.
b8=Q Ke2 59. Qxe5+ Kd2 60. Qxd4+ Kxc2 61. Rf1 f5 62.
Rxf2+ Kb1 63. Qb2# 1-0

[Event "*** SCC Grand Prix: Titled Tuesday Blitz"]
[Site "Chess.com"]
[Date "2020.06.23"]
[Round "9"]
[White "OhanyanEminChess"]
[Black "GukeshDommaraju"]
[Result "0-1"]
[WhiteElo "2530"]
[BlackElo "2703"]
[TimeControl "180+1"]
[EndTime "11:47:27 PDT"]
[Termination "GukeshDommaraju won by resignation"]

1. e4 c6 2. d4 d5 3. Nc3 dxe4 4.
Nxe4 Nf6 5. Nxf6+ exf6 6. Bd3 Qxd4 7. Nf3 Qd8 8. O-O Be7 9. Re1 O-O 10. Qe2 Bd6 11. Qe4 f5 12. Qa4 b5 13. Qb3 Nd7 14. Bg5 Qc7 15. Rad1 Nc5 16. Qc3 Be6 17. Qd2 Nxd3 18. Qxd3 Bc5 19. Nd4 Bxd4 20. Qxd4 h6 21.
Bf4 Qb6 22. Qe5 Rfd8 23. b3 a5 24. Be3 Qb8 25. Qxb8 Raxb8 26. a3 Bd5 27. f3 a4 28. b4 Bc4 29. Kf2 f6 30. Bc5 Kf7 31. c3 Bb3 32. Rxd8 Rxd8 33. Re7+ Kg6 34. Bd4 Bc4 35. g3 h5 36. h4 Rd6 37. f4 Kh7 38. Ke3 Kg8 39. Kf2 Kf8 40. Re1 Kf7 41. Ke3 Bd5 42. Kf2 Be4 43. Ke3 Ke6 44. c4 bxc4 45. Rc1 Bd3 46. Re1 Kd5 47. Bc3 Ke6 48. Kd2+ Kd5 49. Ke3 Re6+ 50. Kd2 Re4 51. Re3 Ke6 52. Re1 Rxe1 53. Kxe1 Kd5 54. Kf2 Ke4 55. Bb2 Bc2 56. Ke2 Bb3 57.
Bc3 Ba2 58. Bb2 c3 59. Bxc3 Bc4+ 60. Kd2 Kf3 61. b5 cxb5 62. Bxf6 gxf6 63. g4 fxg4 0-1

[Event "*** SCC Grand Prix: Titled Tuesday Blitz"]
[Site "Chess.com"]
[Date "2020.06.23"]
[Round "9"]
[White "realmadridtv"]
[Black "1977Ivan"]
[Result "0-1"]
[WhiteElo "2483"]
[BlackElo "2660"]
[TimeControl "180+1"]
[EndTime "11:47:27 PDT"]
[Termination "1977Ivan won by resignation"]

1. e4 c5 2. Nf3 e6 3. d4 cxd4 4. Nxd4 Nc6 5. Nc3 Qc7 6. f4 a6 7. Be2 b5 8. Nxc6 Qxc6 9. Bf3 Bb7 10. Be3 Rc8 11. O-O Bc5 12. Qe2 b4 13. Nd1 Ne7 14. Kh1 O-O 15. c3 Bxe3 16. Qxe3 a5 17. f5 e5 18.
cxb4 axb4 19. a3 bxa3 20. bxa3 Qc5 21. a4 f6 22. Qb3+ d5 23. Qxb7 Rb8 24. Qd7 Rfd8 25. Qe6+ Kf8 26. Qa6 dxe4 27. Bxe4 Rd2 28. Rb1 Rbd8 29.
Bf3 Qd4 30. Qb6 e4 31. Qxd4 R8xd4 32. Rb8+ Kf7 33. Bg4 Nd5 34. h3 e3 35. Re1 e2 36.
Rb7+ Kf8 37. Bxe2 Re4 38. Rb8+ Ke7 39. Bh5 Rxe1+ 40. Kh2 Rdxd1 41. Bxd1 Rxd1 42. Rb7+ Kf8 43. Rb8+ Kf7 44. Rd8 Nc3 45. Rxd1 Nxd1 46. a5 Nc3 47. a6 Nb5 48. g4 Na7 49. h4 Ke7 50. Kg3 Kd6 51. g5 Ke5 52. Kg4 Nb5 53. h5 h6 54. g6 Na7 55. Kf3 Kxf5 56. Ke3 Ke5 57. Kd3 f5 58. Kc4 f4 59. Kd3 Kf5 60. Kd4 Kg4 61. Kc5 f3 62. Kb6 f2 63. Kxa7 f1=Q 64. Kb8 Qxa6 65. Kc7 Qa5+ 66. Kd7 Qxh5 0-1

[Event "*** SCC Grand Prix: Titled Tuesday Blitz"]
[Site "Chess.com"]
[Date "2020.06.23"]
[Round "9"]
[White "kakakz"]
[Black "Shankovskyi"]
[Result "1-0"]
[WhiteElo "2363"]
[BlackElo "2446"]
[TimeControl "180+1"]
[EndTime "11:47:31 PDT"]
[Termination "kakakz won on time"]

1. d4 e6 2. c4 d5 3. Nf3 c6 4. g3 f5 5. Bg2 Nf6 6. O-O Bd6 7. b3 Qe7 8. a4 Na6 9. Ba3 Bxa3 10. Nxa3 O-O 11. Nc2 b6 12. Ne5 Bb7 13.
a5 Nd7 14. Nxd7 Qxd7 15. cxd5 cxd5 16. Ne1 Bc6 17. Nd3 Bb5 18. Ne5 Qd6 19. Qd2 Rfc8 20.
Rfc1 h6 21. h4 Kh7 22. Bf3 Rxc1+ 23. Rxc1 Be8 24. Qf4 bxa5 25. g4 fxg4 26. Bxg4 Rb8 27. Rc3 Qe7 28. Rf3 Rc8 29. Kg2 Nb4 30. Qd2 Bb5 31. Rg3 Rf8 32. Bh5 Qxh4 33. Bg6+ Kg8 34. Bb1 Qf6 35. Qe3 Nc6 36. Nd7 Qf7 37. Nxf8 Qxf8 38.
Qc1 Qf6 39. Qc2 Nxd4 40. Qh7+ Kf8 41. Qh8+ Kf7 42. Bg6+ Ke7 43. Bh5 Nf5 44. Rc3 Qe5 45. Bf3 Qxc3 46. Qa8 Qc7 47. Qh8 Kf7 48. Bh5+ Ke7 49.
Bg4 Kd6 50. Qf8+ Qe7 51. Qb8+ Kd7 52. Qxb5+ Kd8 53. Qb8+ Kd7 54. Qxa7+ Kd6 55. Qxa5 Qg5 56. Qb4+ Ke5 57. e3 Nd6 58. f4+ 1-0

[Event "*** SCC Grand Prix: Titled Tuesday Blitz"]
[Site "Chess.com"]
[Date "2020.06.23"]
[Round "9"]
[White "bait_or_mate"]
[Black "chigorin28"]
[Result "1-0"]
[WhiteElo "2629"]
[BlackElo "2432"]
[TimeControl "180+1"]
[EndTime "11:47:34 PDT"]
[Termination "bait_or_mate won on time"]

1. d4 Nf6 2. c4 e5 3. dxe5 Ng4 4. Nf3 Nc6 5. e3 Bb4+ 6. Nbd2 O-O 7. a3 Bxd2+ 8.
Bxd2 Ngxe5 9. Bc3 d6 10. Be2 Bf5 11. O-O Qe7 12. Rc1 Rfe8 13. Re1 Rad8 14. Nd4 Bd7 15. h3 Qh4 16. Nf3 Qe7 17. Qc2 b6 18.
b3 Nxf3+ 19. Bxf3 Ne5 20. Be2 Bc6 21. Bf1 Qh4 22. f4 Nd7 23. Qf2 Qxf2+ 24. Kxf2 Nc5 25. b4 Ne4+ 26. Kg1 Nxc3 27. Rxc3 Re7 28. g3 Rde8 29.
Bg2 Bxg2 30. Kxg2 f5 31. Kf3 Kf7 32. Rd1 Kf6 33. c5 dxc5 34. bxc5 Re6 35. Rd7 R8e7 36. Rxe7 Rxe7 37. cxb6 cxb6 38. Rc4 g6 39. Rc6+ Kf7 40. a4 Rb7 41. a5 bxa5 42. Ra6 h5 43. Rxa5 Re7 44. Ra3 Kg7 45. g4 hxg4+ 46. hxg4 Rd7 47.
Ra6 Kf7 48. g5 Re7 49. Ra5 Kg7 50. Ra3 Rd7 51. Ra4 Kf7 52. Ra3 Ke7 53. Ra6 Kf7 54.
Ra5 Kg8 55. Ra4 Rg7 56. Ra3 Kf8 57. e4 fxe4+ 58. Kxe4 Re7+ 59. Kd5 Kf7 60. Kd6 Re6+ 61. Kd5 a6 62. Rb3 Re1 63. Rb7+ Kf8 64. Ra7 Ra1 65. Ke6 Ra4 66. Ke5 Ra5+ 67. Kf6 Rf5+ 68. Kxg6 Rxf4 69. Ra8+ Ke7 70. Rxa6 Rc4 71. Rf6 Rc1 72.
Kg7 1-0

[Event "*** SCC Grand Prix: Titled Tuesday Blitz"]
[Site "Chess.com"]
[Date "2020.06.23"]
[Round "9"]
[White "PavelShkapenko"]
[Black "Sam_ChessMood"]
[Result "0-1"]
[WhiteElo "2665"]
[BlackElo "2821"]
[TimeControl "180+1"]
[EndTime "11:47:39 PDT"]
[Termination "Sam_ChessMood won by resignation"]

1. e4 c6 2. d4 d5 3. exd5 cxd5 4.
Bd3 Nf6 5. c3 Bg4 6. Qb3 Qc7 7.
Ne2 Bxe2 8. Bxe2 e6 9. Na3 Nc6 10. Nb5 Qd7 11. Bf4 Rc8 12. O-O a6 13. Na3 Be7 14. Nc2 Na5 15. Qb6 Nc4 16. Bxc4 Rxc4 17.
Ne3 Rc6 18. Qb3 O-O 19. Be5 Ne4 20. Rad1 b5 21. f3 Nd6 22. Bxd6 Bxd6 23. f4 Rb8 24. Ng4 f5 25. Ne5 Bxe5 26. dxe5 Rc4 27. Qa3 Qa7+ 28. Kh1 b4 29. cxb4 Rbxb4 30. g3 h6 31. b3 Re4 32.
Qb2 Re3 33. Qd2 Rbe4 34. Rfe1 d4 35. Rxe3 dxe3 36. Qe2 Kh7 37. Kg2 Qb7 38. Kh3 Qf7 39. Rd3 Qa7 40. Rd6 Qe7 41. Rd3 Qc5 42. Rd6 Qb5 43.
Qxb5 axb5 44. Rd1 g5 45. Re1 gxf4 46. gxf4 Rxf4 47. Rxe3 Rf2 48. a4 bxa4 49. bxa4 Ra2 50.
Rd3 Kg6 51. Rd6 Kf7 52. Ra6 Ra3+ 53. Kh4 Re3 54. a5 Rxe5 55. Kh5 Re2 56. Kxh6 Kf6 57. h4 Rh2 58. h5 f4 59. Ra8 Ke5 60. Rf8 Ra2 61. Ra8 f3 62. Rf8 Ke4 63. Kg7 Rxa5 64. h6 Rg5+ 65. Kf6 Rf5+ 66. Kg7 Rxf8 67. Kxf8 f2 68.
h7 f1=Q+ 69. Kg8 Qa1 70. h8=Q Qxh8+ 71. Kxh8 e5 0-1

[Event "*** SCC Grand Prix: Titled Tuesday Blitz"]
[Site "Chess.com"]
[Date "2020.06.23"]
[Round "9"]
[White "nrvisakh"]
[Black "olksuna"]
[Result "1-0"]
[WhiteElo "2786"]
[BlackElo "2613"]
[TimeControl "180+1"]
[EndTime "11:47:39 PDT"]
[Termination "nrvisakh won on time"]

1. d4 Nf6 2. c4 e6 3. Nc3 d5 4. Nf3 c5 5. cxd5 Nxd5 6. e3 Nc6 7. Bd3 Be7 8. O-O O-O 9. Qe2 cxd4 10. exd4 Bf6 11.
Rd1 Nce7 12. Ne4 b6 13. Nxf6+ Nxf6 14. Bg5 Bb7 15. Ne5 Qd5 16. f3 Nf5 17. Bxf6 gxf6 18. Ng4 Qxd4+ 19. Kh1 Qf4 20. Nxf6+ Kh8 21. Nh5 Qe3 22.
Qxe3 Nxe3 23. Re1 Nd5 24. Be4 Rac8 25. Rad1 Rfd8 26. h4 Rc4 27. Kh2 Rdc8 28. b3 R4c7 29. Rd2 Nc3 30. Bxb7 Rxb7 31. Nf6 Kg7 32. Nh5+ Kg6 33.
Nf4+ Kf6 34. g4 h6 35. Kg3 Rbc7 36. Nh5+ Ke7 37. Nf4 Kf6 38. Nh5+ Ke7 39. Re3 Rc5 40.
Nf4 Kf6 41. Re1 Nd5 42. Nxd5+ Rxd5 43. Rxd5 exd5 44. Kf4 Rc2 45. Rd1 Rxa2 46. Rxd5 Rb2 47. Rd6+ Kg7 48. Rd7 a5 49. Rd3 b5 50. g5 hxg5+ 51.
hxg5 a4 52. bxa4 bxa4 53. Rd4 a3 54. Ra4 a2 55. Ra6 Rb4+ 56. Kf5 Rb5+ 57. Kg4 Rb4+ 58. f4 Rb2 59. Ra7 Rg2+ 60. Kf5 Rb2 61. Kg4 Rg2+ 62.
Kf3 Rb2 63. f5 Rb3+ 64. Kg4 Rb4+ 65. Kh5 Rf4 66. f6+ Kg8 67. Rxa2 Rf5 68. Ra8+ Kh7 69. Ra7 Kg8 70. Kh6 1-0